 Dungeon Crawl Stone Soup version 0.29.1-15-g9cfb28693d (webtiles) character file.

Game seed: 16509986914132087766

303 raph the Basher (level 6, -8/51 HPs)
             Began as a Minotaur Monk on Apr 23, 2023.
             Mangled by an ogre
             ... wielding a +0 giant club
              (19 damage)
             ... on level 4 of the Dungeon.
             The game lasted 00:03:48 (2813 turns).

raph the Basher (Minotaur Monk)                     Turns: 2813, Time: 00:03:49

Health: -8/51      AC: 11    Str: 16    XL:     6   Next: 15%
Magic:  5/5        EV:  5    Int:  7    God:
Gold:   109        SH:  0    Dex: 14    Spells: 5/5 levels left

rFire   . . .      SeeInvis .   a - +0 mace (venom)
rCold   . . .      Faith    .   (no shield)
rNeg    . . .      Spirit   .   e - +0 plate armour
rPois   .          Reflect  .   (helmet restricted)
rElec   .          Harm     .   (no cloak)
rCorr   .          Rampage  .   n - +0 pair of gloves
Will    +....                   (no boots)
Stlth   ..........              f - amulet "Xevox" {Acrobat +Blink Will+}
HPRegen 0.17/turn               (no ring)
MPRegen 0.09/turn               (no ring)

@: confused, ambrosia-drunk
A: horns 2, retaliatory headbutt
a: Evoke Blink


You were on level 4 of the Dungeon.
You visited 1 branch of the dungeon, and saw 4 of its levels.

You collected 109 gold pieces.

Inventory:

Hand Weapons
 a - a +0 mace of venom (weapon)
Armour
 b - a +0 robe
 e - a +0 plate armour (worn)
 n - a +0 pair of gloves (worn)
Jewellery
 f - the amulet "Xevox" (around neck) {Acrobat +Blink Will+}
   (You acquired it on level 2 of the Dungeon)

   [amulet of the acrobat]

   It increases your evasion while moving and waiting.
   +Blink:    It lets you blink.
   Will:      It increases your willpower.
Wands
 t - a wand of mindburst (6)
Scrolls
 g - a scroll of fog
 h - 5 scrolls of identify
 l - a scroll of teleportation
 o - 2 scrolls of enchant armour {unknown}
 s - a scroll of blinking {unknown}
Potions
 c - a potion of ambrosia
 d - 2 potions of curing
 i - a potion of magic {unknown}
 k - 2 potions of attraction {unknown}
 m - a potion of brilliance
 p - a potion of lignification {unknown}
 q - a potion of berserk rage {unknown}


   Skills:
 - Level 3.6 Fighting
 + Level 8.4 Maces & Flails
 - Level 3.2 Dodging
 - Level 1.5 Stealth


You had 5 spell levels left.
You didn't know any spells.
Your spell library contained the following spells:

 Spells                   Type           Power      Damage    Failure   Level
 Foxfire                  Conj/Fire      0%         2x1d4     100%        1
 Conjure Flame            Conj/Fire      0%         6-21      100%        3
 Inner Flame              Hex/Fire       0%         N/A       100%        3
 Flame Wave               Conj/Fire      0%         2d4       100%        4


Dungeon Overview and Level Annotations

Branches:
Dungeon (4/15)
 Temple: D:4-7

Altars:
Elyvilon

Shops:
D:2 [


Innate Abilities, Weirdness & Mutations

You have a pair of horns on your head.
You reflexively headbutt those who attack you in melee.


Message History

You throw a throwing net. The throwing net hits the ogre.
The ogre is caught in the net!
The ogre is severely wounded.
Something hits you but does no damage.
The ogre struggles against the net.
You miss something. Your headbutt misses something.
Something hits you but does no damage.
The ogre struggles against the net.
You hit something. Something hits you but does no damage.
The ogre struggles against the net.
You miss something. Something hits you but does no damage.
The ogre struggles against the net.
You miss something. Your headbutt misses something.
Something hits you but does no damage.
The ogre struggles against the net.
You hit something. Your headbutt misses something.
Something hits you but does no damage.
The ogre struggles against the net.
The net rips apart, and the ogre comes free!
You miss something. Something hits you but does no damage.
You thump something!
Reactivating autopickup.
You feel a bit more experienced.
You barely miss the orc. The orc hits you but does no damage.
You closely miss the orc. You headbutt the orc.
The orc is almost dead.
The orc hits you but does no damage.
You hit the orc.
You kill the orc!
You barely miss the ogre.
The ogre is severely wounded.
The ogre hits you with a +0 giant club.
You barely miss the ogre.
The ogre is severely wounded.
You hit the ogre.
The ogre is poisoned.
The ogre is almost dead.
The ogre hits you with a +0 giant club!!
* * * LOW HITPOINT WARNING * * *
The ogre attacks as you move away! The ogre completely misses you.
You are confused.
You feel invigorated.
You're too confused to move!
The ogre hits you with a +0 giant club!!
You die...

## . ..# #.#
#.##########
##.########...........
#....@O...............
#.#.###.......#.######.
#.......#.######.
#..........)(..(.
###.......#.##...>.
..#.))....#.##.###.
#.#..)....#.##.# ## #
#.##.#.####.##.# # #.
#.##.#.####.##.#


You could see an ogre (poisoned).

Vanquished Creatures
  A hound (D:2)
  A jelly (D:4)
  2 orc priests (D:4)
  2 orc wizards (D:4)
  3 gnolls
  3 adders
  A worm (D:2)
  A dart slug (D:1)
  8 orcs (D:4)
  3 ball pythons (D:1)
  3 bats
  6 endoplasms
  3 giant cockroaches
  7 goblins
  3 hobgoblins
  A jackal (D:4)
  3 quokkas
  3 frilled lizards
  10 kobolds
  A rat (D:1)
65 creatures vanquished.

Vanquished Creatures (others)
  A plant (D:1)
1 creature vanquished.

Grand Total: 66 creatures vanquished

Notes
Turn   | Place    | Note
-------+----------+-------------------------------------------
     0 | D:1      | raph the Minotaur Monk began the quest for the Orb.
     0 | D:1      | Reached XP level 1. HP: 19/19 MP: 0/0
    78 | D:1      | Reached skill level 4 in Maces & Flails
   274 | D:1      | Reached XP level 2. HP: 26/26 MP: 1/1
   590 | D:1      | Reached skill level 5 in Maces & Flails
   719 | D:1      | Found a faded altar of an unknown god.
  1001 | D:2      | Reached XP level 3. HP: 31/31 MP: 2/2
  1026 | D:2      | Identified a scroll of acquirement
  1026 | D:2      | Acquired the amulet "Xevox" {Acrobat +Blink Will+}
  1279 | D:2      | Reached skill level 6 in Maces & Flails
  1279 | D:2      | Reached XP level 4. HP: 36/39 MP: 3/3
  1489 | D:2      | Found Toegana's Antique Armour Boutique.
  2172 | D:3      | Reached skill level 7 in Maces & Flails
  2172 | D:3      | Reached XP level 5. HP: 44/45 MP: 4/4
  2337 | D:4      | Found a white marble altar of Elyvilon.
  2493 | D:4      | Reached skill level 8 in Maces & Flails
  2626 | D:4      | Reached XP level 6. HP: 37/51 MP: 5/5
  2801 | D:4      | HP: 1/51 [ogre/+0 giant club (18)]
  2813 | D:4      | Mangled by an ogre

Illustrated notes

Levels and vault maps discovered:
D:1:      minmay_arrival_plants_in_alcoves, layout_loops_ring,
          shapermc_ecumenical_altar_mp_urbaneastern, grunt_decor_cap
D:2:      layout_loops_cross, serial_shops, nicolae_shop_behind_doors
D:3:      layout_rooms, reono_crystal_passage
D:4:      layout_loops_ring, mainiacjoe_overflow_alcove_2,
          minmay_temple_entry_mist

Skill      XL: |  1  2  3  4  5 |
---------------+----------------+-----
Maces & Flails | 4 5 6 7 8 |  8.4
Fighting       | |  3.6
Dodging        | |  3.2
Stealth        | |  1.5

Action                   |  1- 3 |  4- 6 || total
-------------------------+-------+-------++-------
Melee: Mace              |    81 |    80 ||   161
       Headbutt          |    10 |    13 ||    23
Throw: Dart              |       |     4 ||     4
       Throwing net      |       |     1 ||     1
  Use: Scroll            |     8 |       ||     8
       Potion            |       |     1 ||     1
 Stab: Distracted        |     1 |       ||     1
Armor: Plate armour      |    61 |    54 ||   115
Dodge: Dodged            |    24 |    29 ||    53
